cohdb
Replays
Latest Replays
All Replays
Popular Replays
Top Player Replays
Match Explorer
How It Works
Community
CoH3 Stats
Reddit
Sign in to upload your games and track your stats! →
Sign in with Steam
Match 46862018
Unlisted
Match 46862018
Overview
Messages
Build Orders
End
Kradschützen Motorcycle Team
Selects Panzerjäger Kommand Battlegroup
Selects Blockade Equipment
250 Light Carrier
250 Light Carrier
Construct Light Support Kompanie
Combat Half-tracks
MG34 Team
Selects Tank Busters
Assault Grenadier Squad
Construct Mechanized Kompanie
Support Armor Elements
StuG III D Assault Gun
Panzerjäger Mechanized Group
Selects Crew Shock Tactics
Panzerjäger Squad
AI Takeover
聽取蛙聲一片
ㅁㅁㅁㅁㅁ
Aoascer
UMirinBrah?
Ghost
GODOKGAME
0
0
Comments
sign in to comment!
No comments posted yet!